 Dungeon Crawl Stone Soup version 0.29.1-4-g47bece8355 (webtiles) character file.

Game seed: 1778264946291563016

225 hawla the Firebug (level 6, -3/46 HPs)
             Began as a Meteoran Fire Elementalist on Dec 6, 2022.
             Was an Initiate of Vehumet.
             Slain by Duvessa
             ... wielding a +0 short sword
              (13 damage)
             ... on level 5 of the Dungeon.
             The game lasted 00:07:23 (1137 turns).

hawla the Firebug (Meteoran Fire Elementalist)      Turns: 1137, Time: 00:07:23

Health: -3/46      AC:  4    Str:  9    XL:     6   Next: 45%
Magic:  12/12      EV: 13    Int: 20    God:    Vehumet [......]
Gold:   796        SH:  0    Dex: 14    Spells: 5/12 levels left

rFire   . . .      SeeInvis .   b - staff of earth
rCold   . . .      Faith    .   f - orb {*Rage}
rNeg    . . .      Spirit   .   a - +0 robe
rPois   .          Reflect  .   (no helmet)
rElec   .          Harm     .   i - +1 cloak
rCorr   .          Rampage  .   (no gloves)
Will    .....      Rage     20% (no boots)
Stlth   +.........              (no amulet)
HPRegen 0.15/turn               (no ring)
MPRegen 0.13/turn               (no ring)

@: glowing
A: sense surroundings 1, otherworldly, glowing, explore regen
a: Renounce Religion


You were on level 5 of the Dungeon.
You worshipped Vehumet.
Vehumet was noncommittal.
You visited 2 branches of the dungeon, and saw 6 of its levels.

You collected 1192 gold pieces.
You spent 396 gold pieces at shops.

Inventory:

Armour
 a - a +0 robe (worn)
 f - an orb of wrath (worn)
 i - a +1 cloak (worn)
Magical Staves
 b - a staff of earth (weapon)
Wands
 m - a wand of mindburst (13)
Potions
 c - a potion of heal wounds {unknown}
 g - a potion of degeneration {unknown}
 h - a potion of curing
 j - a potion of lignification {unknown}
 k - a potion of invisibility {unknown}
 l - a potion of mutation {unknown}
 n - a potion of attraction {unknown}


   Skills:
 - Level 0.3 Fighting
 - Level 2.9 Dodging
 - Level 1.4 Stealth
 - Level 3.5 Spellcasting
 + Level 3.2 Conjurations
 + Level 6.4 Fire Magic


You had 5 spell levels left.
You knew the following spells:

 Your Spells              Type           Power      Damage    Failure   Level
a - Foxfire               Conj/Fire      88%        2x1d8     1%          1
b - Scorch                Fire           58%        2d7       1%          2
c - Flame Wave            Conj/Fire      22%        2d8       19%         4

Your spell library contained the following spells:

 Spells                   Type           Power      Damage    Failure   Level
 Conjure Flame            Conj/Fire      22%        6-21      5%          3
 Inner Flame              Hex/Fire       16%        N/A       11%         3


Dungeon Overview and Level Annotations

Branches:
Dungeon (5/15) Zot: 1882   Temple (1/1) D:4 Zot: 558

Altars:
Cheibriados
Fedhas
Hepliaklqana
Kikubaaqudgha
Makhleb
Nemelex Xobeh
Okawaru
Ru
Sif Muna
Trog
Uskayaw
Vehumet
Xom
Zin
The Shining One

Shops:
D:1 [

Annotations:
D:5 Dowan, Duvessa


Innate Abilities, Weirdness & Mutations

You passively map a small area around you.
You are easily found by Zot.
You glow in the dark.
You regain HP and MP as you explore.


Message History

Duvessa, Sister of Dowan comes into view.
She is wielding a +0 short sword.
Casting: Flame Wave (quite dangerous; 19% risk of failure)
Confirm with . or Enter, or press ? or * to list all spells.
Flames lash Duvessa.
Duvessa is lightly wounded.
Duvessa's fire resistance burns away.
You hear a shout!
Duvessa says, "Where magic fails, the sword succeeds!"
Duvessa drinks a potion.
Duvessa goes berserk!
Dowan, Brother of Duvessa comes into view.
He is wielding a +1 dagger of electrocution and wearing a +0 robe of fire resistance.
As you read the scroll of fear, it crumbles to dust.
You assume a fearsome visage.
Duvessa is unaffected.
Dowan resists with some effort.
Unknown command.
You hear a shout!
Duvessa attacks as you move away! Duvessa hits you with a +0 short sword.
Duvessa is no longer more vulnerable to fire.
Duvessa misses you.
Dowan gestures wildly while chanting.
Dowan blinks!
Duvessa attacks as you move away! Duvessa closely misses you.
Dowan casts a spell at you. The puff of flame misses you.
Duvessa attacks as you move away! Duvessa closely misses you.
Duvessa hits you with a +0 short sword.
Duvessa rages.
Duvessa attacks as you move away! Duvessa hits you with a +0 short sword!
Dowan attacks as you move away! Dowan hits you but does no damage.
You are electrocuted!
Duvessa hits you with a +0 short sword!
* * * LOW HITPOINT WARNING * * *
Dowan casts a spell at Duvessa.
Duvessa seems to speed up.
It was a potion of curing.
You feel better.
Duvessa hits you with a +0 short sword. x2
* * * LOW HITPOINT WARNING * * *
Dowan says, "Stay away from my face!"
Dowan completely misses you. Dowan attacks as you move away! Dowan misses you.
Duvessa hits you with a +0 short sword!
You die...

* , , * * ## ..
, ##.###..
###......#*
##.......##
##.........##
##.@.........##
##..e..........#
#....e.........#
##.............#
###..........###
##...........#
#........##.#
#.##.....##.# ,
#..###........ ,


You could see Duvessa (berserk, fast) and Dowan.

Vanquished Creatures
  An ogre (D:4)
  A scorpion (D:4)
  An orc priest (D:4)
  Ijyb (D:4)
  A dart slug (D:1)
  4 orcs (D:4)
  An endoplasm (D:4)
  2 giant cockroaches
  4 goblins
  A hobgoblin (D:1)
  2 jackals (D:1)
  2 kobolds
  3 ball pythons
  2 frilled lizards
26 creatures vanquished.

Vanquished Creatures (others)
  67 foxfires
67 creatures vanquished.

Grand Total: 93 creatures vanquished

Notes
Turn   | Place    | Note
-------+----------+-------------------------------------------
     0 | D:1      | hawla the Meteoran Fire Elementalist began the quest for
                  | the Orb.
     0 | D:1      | Reached XP level 1. HP: 14/14 MP: 5/5
    25 | D:1      | Reached XP level 2. HP: 20/20 MP: 1/6
    26 | D:1      | Reached skill level 4 in Fire Magic
    62 | D:1      | Found Laloq Qasi's Antique Armour Shop.
   189 | D:2      | Identified a scroll of acquirement
   189 | D:2      | Acquired 1140 gold pieces
   226 | D:1      | Bought a glowing orb for 288 gold pieces
   226 | D:1      | Bought a cloak for 108 gold pieces
   446 | D:4      | Reached XP level 3. HP: 26/26 MP: 4/8
   661 | D:3      | Learned a level 2 spell: Scorch
   672 | D:4      | Reached XP level 4. HP: 20/34 MP: 3/10
   698 | D:4      | Learned a level 4 spell: Flame Wave
   737 | D:4      | Noticed an ogre
   742 | D:4      | Killed an ogre
   743 | D:4      | Reached skill level 5 in Fire Magic
   743 | D:4      | Reached XP level 5. HP: 39/39 MP: 4/11
   919 | D:4      | Found a staircase to the Ecumenical Temple.
   931 | Temple   | Entered the Ecumenical Temple
   961 | Temple   | Became a worshipper of Vehumet
   977 | D:4      | Noticed Ijyb
   983 | D:4      | Killed Ijyb
   984 | D:4      | Reached XP level 6. HP: 46/46 MP: 4/12
  1068 | D:4      | Reached skill level 6 in Fire Magic
  1112 | D:5      | Entered Level 5 of the Dungeon
  1124 | D:5      | Noticed Duvessa
  1125 | D:5      | Noticed Dowan
  1137 | D:5      | Slain by Duvessa

Illustrated notes

Levels and vault maps discovered:
D:1:      dpeg_arrival_simpleton_c, layout_loops_corners, serial_shops,
          nicolae_shop_advertising_works [nicolae_subvault_shop_adworks], shop
D:2:      layout_basic, basic_altar
D:3:      layout_basic, hellmonk_ecumenical_altar_run_dry
D:4:      layout_basic, minmay_temple_entry_nine_rooms,
          chequers_serial_rivers_micro_b, uniq_ijyb
D:5:      dreamdust_elfheim, layout_cave_pods
Temple:   hellmonk_temple_of_storms

Skill      XL: |  1  2  3  4  5  6 |
---------------+-------------------+-----
Fire Magic     | 4 5 6 |  6.4
Spellcasting   | 3 |  3.5
Conjurations   | 2 3 |  3.2
Fighting       | |  0.3
Dodging        | |  2.9
Stealth        | |  1.4

Action                   |  1- 3 |  4- 6 || total
-------------------------+-------+-------++-------
Melee: Unarmed           |     9 |     2 ||    11
       Staff             |       |     4 ||     4
 Cast: Foxfire           |    24 |    17 ||    41
       Scorch            |     4 |     4 ||     8
       Flame Wave        |       |     1 ||     1
  Use: Scroll            |     4 |     1 ||     5
       Potion            |     1 |     2 ||     3
Armor: Robe              |     9 |     6 ||    15
Dodge: Dodged            |    10 |    12 ||    22
